 Dungeon Crawl Stone Soup version 0.30-a0-778-g2ef04afb54 (console) character file.

Game seed: 14389413360052094657

65 rlgrobin the Chopper (level 4, -3/38 HPs)
             Began as a Meteoran Fighter on Feb 15, 2023.
             Was an Initiate of Okawaru.
             Succumbed to a water moccasin's poison
             ... on level 4 of the Dungeon.
             The game lasted 00:01:30 (277 turns).

rlgrobin the Chopper (Meteoran Fighter)              Turns: 277, Time: 00:01:30

Health: -3/38      AC:  6    Str: 19    XL:     4   Next: 62%
Magic:  5/5        EV:  9    Int: 15    God:    Okawaru [......]
Gold:   104        SH:  5    Dex: 14    Spells: 3/3 levels left

rFire   . . .      SeeInvis .    a - +0 war axe
rCold   . . .      Faith    .    c - +0 buckler
rNeg    . . .      Spirit   .    b - +0 scale mail
rPois   .          Reflect  .    (no helmet)
rElec   .          Harm     .    (no cloak)
rCorr   .          Rampage  .    (no gloves)
Will    .....                    (no boots) Stlth
                                 (no amulet)
HPRegen 0.26/turn                g - +6 ring of intelligence
MPRegen 0.09/turn                (no ring)

@: mighty, lethally poisoned (-3 -> -29), glowing
A: sense surroundings 1, otherworldly, glowing, explore regen
a: Renounce Religion


You were on level 4 of the Dungeon.
You worshipped Okawaru.
Okawaru was noncommittal.
You visited 1 branch of the dungeon, and saw 4 of its levels.

You collected 104 gold pieces.

Inventory:

Hand Weapons
 a - a +0 war axe (weapon)
Armour
 b - a +0 scale mail (worn)
 c - a +0 buckler (worn)
Jewellery
 g - a +6 ring of intelligence (left hand)
Scrolls
 e - 2 scrolls of identify {unknown}
 f - 2 scrolls of poison {unknown}
 h - a scroll of immolation {unknown}
 i - a scroll of enchant weapon {unknown}
 j - a scroll of fog {unknown}


   Skills:
 - Level 3.2 Fighting
 + Level 5.2 Axes
 - Level 3.6 Armour
 - Level 3.6 Shields


You had 3 spell levels left.
You didn't know any spells.
Your spell library contained the following spells:

 Spells                   Type           Power      Damage    Failure   Level
 Freeze                   Ice            0%         1d3       71%         1
 Frozen Ramparts          Ice            0%         1d1       97%         3
 Hailstorm                Conj/Ice       0%         3d3       97%         3


Dungeon Overview and Level Annotations

Branches:
Dungeon (4/15) Zot: 2106
 Temple: D:4-7

Altars:
Okawaru


Innate Abilities, Weirdness & Mutations

You passively map a small area around you.
You are easily found by Zot.
You glow in the dark.
You regain HP and MP as you explore.


Message History

The jackal is severely wounded.
You barely miss the jackal. The jackal bites you.
* * * LOW HITPOINT WARNING * * *
The jackal bites you.
* * * LOW HITPOINT WARNING * * *
The jackal bites you but does no damage. x2
You slash the jackal!
You kill the jackal!
Okawaru accepts your kill.
You hit the jackal.
You kill the jackal!
Okawaru accepts your kill.
Found a morningstar.
You see here an iguana corpse.
A hobgoblin comes into view.
The hobgoblin shouts!
A water moccasin comes into view.
A goblin comes into view. It is wielding a +0 dagger.
The goblin shouts!
An orc comes into view. It is wielding a +0 hand axe.
The orc shouts!
You see here a +0 morningstar.
A kobold comes into view. It is wielding a +0 whip.
You feel very mighty all of a sudden. You block the water moccasin's attack.
You miss the water moccasin. The water moccasin bites you.
You are lethally poisoned!
The water moccasin poisons you!
You hit the water moccasin.
The water moccasin is lightly wounded.
* * * LOW HITPOINT WARNING * * *
You feel very sick.
The water moccasin bites you but does no damage.
The water moccasin bites you.
* * * LOW HITPOINT WARNING * * *
You are more poisoned.
The water moccasin poisons you!
You miss the water moccasin.
The water moccasin is lightly wounded.
You die...

+.......# ,
#.......#
#.......# * ### *
*
#....<..#####...#
*
........†.......#
...####.#†....#..
, , ,* #.#.###.#
* , , , , #.#.#
#, , * #@#<# , ,
**##S### * ,


#ggo# * , , ,#.).#* * * ** #.K.# * #.....# ,, #.#.#.# ,, * *..#.#.. * ,*
..##.##.. You could see a water moccasin, an orc, a hobgoblin, a goblin and a
kobold.

Vanquished Creatures
  An iguana (D:4)
  Natasha (D:3)
  A dart slug (D:3)
  A giant cockroach (D:2)
  3 jackals (D:4)
  2 quokkas
  A bat (D:1)
  2 kobolds
12 creatures vanquished.

Notes
Turn   | Place    | Note
-------+----------+-------------------------------------------
     0 | D:1      | rlgrobin the Meteoran Fighter began the quest for the Orb.
     0 | D:1      | Reached XP level 1. HP: 19/19 MP: 2/2
    85 | D:2      | Reached skill level 3 in Axes
    85 | D:2      | Reached XP level 2. HP: 21/26 MP: 3/3
   100 | D:3      | Found an iron altar of Okawaru.
   119 | D:3      | Became a worshipper of Warmaster Okawaru
   177 | D:3      | Noticed Natasha
   188 | D:3      | Killed Natasha
   189 | D:3      | Reached skill level 4 in Axes
   189 | D:3      | Reached XP level 3. HP: 11/31 MP: 4/4
   258 | D:4      | Reached skill level 5 in Axes
   258 | D:4      | Reached XP level 4. HP: 12/38 MP: 5/5
   268 | D:4      | Noticed a water moccasin
   277 | D:4      | Succumbed to a water moccasin's poison

Illustrated notes

Levels and vault maps discovered:
D:1:      shiori_arrival_oz, layout_basic
D:2:      layout_loops_ring, basic_altar, minmay_vboxes, uniq_crazy_yiuf_cottage
D:3:      layout_basic, amcnicky_altar_gilded, general_overflow_altar,
          minivault_26, uniq_natasha
D:4:      minmay_general_purpose_star, layout_basic,
          nicolae_ru_sacrificial_ziggurat, minmay_temple_entry_proselytizer,
          serial_shops, shop, nicolae_shop_trees, shop, nicolae_shop_crystal,
          minmay_fractal_squares_gapless_5

Skill      XL: |  1  2  3 |
---------------+----------+-----
Axes           | 3 4 5 |  5.2
Fighting       | |  3.2
Armour         | |  3.6
Shields        | |  3.6

Action                     |  1- 3 |  4- 6 || total
---------------------------+-------+-------++-------
  Melee: War axe           |    43 |     7 ||    50
    Use: Potion            |       |     1 ||     1
 Armour: Scale mail        |    21 |     5 ||    26
  Dodge: Dodged            |    13 |       ||    13
  Block: Buckler           |    12 |     2 ||    14

Table legend: (Time is in decaauts)
 A = Elapsed time spent in this place.
 B = Non-inter-level travel time spent in this place.
 C = Inter-level travel time spent in this place.
 D = Time resting spent in this place.
 E = Time spent auto-exploring this place.
 F = Levels seen in this place.
 G = Mean time per level.
                   A        B        C        D        E       F      G
               +--------+--------+--------+--------+--------+-----+--------+
         Total |    293 |    293 |      0 |      0 |      0 |   4 |   73.2 |
       Dungeon |    293 |    293 |      0 |      0 |      0 |   4 |   73.2 |
               +--------+--------+--------+--------+--------+-----+--------+

Top non-repeatable levels by time:
     D:3: 145 daAuts
     D:1: 69 daAuts
     D:4: 40 daAuts
     D:2: 38 daAuts
